 Dungeon Crawl Stone Soup version 0.20-a0-910-gb611367 (webtiles) character file.

331 Hook the Skirmisher (level 6, 0/51 HPs)
             Began as a Demonspawn Gladiator on Mar 23, 2017.
             Was an Initiate of Wu Jian.
             Succumbed to an orc wizard's poison
             ... in the Ecumenical Temple.
             The game lasted 00:13:49 (4000 turns).

Hook the Skirmisher (Demonspawn Gladiator)          Turns: 4000, Time: 00:13:50

Health: 0/51       AC:  7    Str: 16    XL:     6   Next: 26%
Magic:  6/6        EV: 11    Int:  9    God:    Wu Jian [......]
Gold:   230        SH:  0    Dex: 15    Spells: 5/5 levels left

rFire    + . .     SeeInvis .   a - +1 long sword
rCold    + . .     Gourm    .   n - +0 scale mail
rNeg     . . .     Faith    .   (no shield)
rPois    +         Spirit   .   (helmet restricted)
rElec    +         Reflect  .   (no cloak)
rCorr    +         Harm     .   g - +0 pair of gloves
MR       .....                  (no boots)
Stlth    +.........             (no amulet)
Regen    0.2/turn               (no ring)
MPRegen  0.1/turn               (no ring)

@: lethally poisoned (0 -> -18), resistant, very slightly contaminated,
invisible
A: antennae 2, nightstalker 1
a: Renounce Religion


You were in the Ecumenical Temple.
You worshipped Wu Jian.
Wu Jian was noncommittal.
You were not hungry.

You visited 2 branches of the dungeon, and saw 5 of its levels.

You collected 230 gold pieces.

Inventory:

Hand Weapons
 a - a +1 long sword (weapon)
Armour
 b - a +0 leather armour
 c - a +0 helmet
 g - a +0 pair of gloves (worn)
 n - a +0 scale mail (worn)
 u - a -2 ring mail
Jewellery
 t - a cursed ring of teleportation {unknown}
Wands
 d - a wand of flame (22/48)
Scrolls
 e - 2 scrolls of blinking {unknown}
 k - a scroll of remove curse
 s - a scroll of identify {unknown}
Potions
 h - a potion of cancellation {unknown}
 i - a potion of magic {unknown}
 l - a potion of flight {unknown}
 m - 2 potions of invisibility
 o - 2 potions of curing {unknown}
 w - a potion of degeneration {unknown}
 x - 3 potions of might {unknown}
 z - 2 potions of berserk rage {unknown}
Comestibles
 f - 5 bread rations
 j - 2 royal jellies
 r - 2 meat rations
 v - 4 fruits


   Skills:
 * Level 5.0 Fighting
 + Level 3.9 Long Blades
 - Level 1.7 Throwing
 + Level 3.9 Dodging


You had 5 spell levels left.
You didn't know any spells.

Dungeon Overview and Level Annotations

Branches:
Dungeon (4/15)             Temple (1/1) D:4

Altars:
Ashenzari
Dithmenos
Elyvilon
Fedhas
Gozag
Hepliaklqana
Kikubaaqudgha
Nemelex Xobeh
Okawaru
Qazlal
Ru
Trog
Vehumet
Wu Jian
Xom
Yredelemnul
Zin

Annotations:
D:3 1 runed door, Grinder


Innate Abilities, Weirdness & Mutations

You have a pair of antennae on your head.
You are slightly more attuned to the shadows.


Message History

* * * LOW HITPOINT WARNING * * *
You feel very sick.
* * * LOW HITPOINT WARNING * * *
You feel sick.
Things that are here:
a dagger of venom; a robe; 10 gold pieces
Okay, then.
It was a potion of invisibility.
You fade into invisibility!
* * * LOW HITPOINT WARNING * * *
You feel sick.
You are very lightly contaminated with residual magic.
As you read the scroll labeled OZAUNY EJOPPAOTO, it crumbles to dust.
It is a scroll of amnesia.
You feel forgetful for a moment.
* * * LOW HITPOINT WARNING * * *
You feel sick.
It was a potion of resistance.
You feel protected.
You die...

##################
#.....≈≈≈≈≈≈≈≈≈≈≈≈
#)....≈≈≈≈≈≈≈≈≈≈≈≈
#.<.......≈≈≈≈≈≈≈≈
#...........≈≈≈≈≈≈
#@......_.......≈≈
#####......#......
#...###......._...
#.....#####.......
#._.......###.....
#...........#####.
#......._.......##
##≈##.............
#...###......._...


There were no monsters in sight!

Vanquished Creatures
  A howler monkey (D:3)
  A centaur skeleton (D:4)
  An orc wizard (Temple)
  Jessica (D:2)
  2 worker ants (D:4)
  3 gnolls (D:3)
  4 adders
  2 oozes
  3 worms
  A dart slug (D:1)
  3 leopard geckos
  7 orcs
  A ball python (D:1)
  6 bats
  3 giant cockroaches
  4 goblins (D:1)
  9 hobgoblins
  11 jackals
  4 kobolds
  A frilled lizard (D:4)
  6 rats
74 creatures vanquished.

Notes
Turn   | Place    | Note
-------+----------+-------------------------------------------
     0 | D:1      | Hook the Demonspawn Gladiator began the quest for the Orb.
     0 | D:1      | Reached XP level 1. HP: 16/16 MP: 1/1
   319 | D:1      | Gained mutation: You have a pair of small antennae on your head. [demonic ancestry]
   319 | D:1      | Reached XP level 2. HP: 22/22 MP: 2/2
  1152 | D:2      | Reached XP level 3. HP: 28/28 MP: 3/3
  1305 | D:2      | Found a faded altar of an unknown god.
  1312 | D:2      | Reached skill level 3 in Fighting
  1406 | D:2      | Noticed Jessica
  1450 | D:2      | Killed Jessica
  1450 | D:2      | Reached XP level 4. HP: 32/35 MP: 4/4
  1757 | D:2      | Found an ornate altar of the Wu Jian Council.
  2100 | D:3      | Found a runed door.
  2200 | D:3      | Gained mutation: You have a pair of antennae on your head. [demonic ancestry]
  2200 | D:3      | Reached XP level 5. HP: 40/42 MP: 5/5
  2221 | D:3      | Reached skill level 4 in Fighting
  2241 | D:3      | Noticed Grinder
  2977 | D:3      | Paralysed by Grinder for 3 turns
  2988 | D:3      | Paralysed by Grinder for 2 turns
  3113 | D:2      | Became a worshipper of the Wu Jian Council
  3338 | D:4      | Found a shimmering altar of Xom.
  3382 | D:4      | Gained mutation: You are slightly more attuned to the shadows. [demonic ancestry]
  3382 | D:4      | Reached XP level 6. HP: 48/49 MP: 6/6
  3429 | D:4      | Found a staircase to the Ecumenical Temple.
  3483 | Temple   | Entered the Ecumenical Temple
  3996 | Temple   | Reached skill level 5 in Fighting
  3999 | Temple   | HP: 1/51 [poisoned by an orc wizard]
  4000 | Temple   | Succumbed to an orc wizard's poison

Vault maps used:
D:1:      shiori_arrival_maze
D:2:      minmay_door_path, nicolae_overflow_hidden_temple,
          chequers_ecumenical_altar_island, uniq_jessica
D:3:      first_bread, roderic_ancient_swastika, uniq_crazy_yiuf_cottage,
          uniq_grinder
D:4:      kennysheep_mini, bloody_makhleb, temple_doors_e
Temple:   regret_index_temple_waves

Skill      XL: |  1  2  3  4  5  6 |
---------------+-------------------+-----
Dodging        | 3 |  3.9
Long Blades    | 3 |  3.9
Fighting       | 3 4 5 |  5.0
Throwing       | |  1.7

Action                   |  1- 3 |  4- 6 || total
-------------------------+-------+-------++-------
Melee: Long sword        |    81 |   154 ||   235
Throw: Throwing net      |     2 |     2 ||     4
  Use: Scroll            |     2 |     4 ||     6
       Potion            |       |     2 ||     2
 Stab: Held in net/web   |       |     1 ||     1
  Eat: Chunk             |     2 |     3 ||     5
       Meat ration       |       |     1 ||     1
Armor: Leather armour    |     3 |       ||     3
       Scale mail        |    40 |    60 ||   100
Dodge: Dodged            |    60 |    95 ||   155
       Rpst.: Long sword |    30 |    42 ||    72
